 Dungeon Crawl Stone Soup version 0.30.2 (webtiles) character file.

Game seed: 4312099113189246752

2165 porpoise the Covert (level 9, -1/70 HPs)
             Began as a Gnoll Brigand on Apr 7, 2024.
             Was an Initiate of Ashenzari.
             Killed by divine providence
             ... invoked by an orc priest
              (13 damage)
             ... on level 6 of the Dungeon.
             The game lasted 00:17:53 (5225 turns).

porpoise the Covert (Gnoll Brigand)                 Turns: 5225, Time: 00:17:54

Health: -1/70      AC: 16    Str: 18    XL:     9   Next: 32%
Magic:  15/15      EV: 13    Int: 15    God:    Ashenzari [......]
Gold:   297        SH:  0    Dex: 13    Spells: 14/16 levels left

rFire   . . .        a - +11 trident of Bevosm {pain, rPois rC++ Str+3 SInv}
rCold   + + .        (no shield)
rNeg    . . .        q - +6 leather armour of Follow the Leader {rPois Will+ Int+6 Dex-4}
rPois   +            (no helmet)
rElec   .            c - +1 cloak
rCorr   .            (no gloves)
SInv    +            v - +0 pair of boots
Will    +....        (no amulet)
Stlth   ++++         i - +4 ring of protection
HPRegen 0.31/turn    y - ring of poison resistance
MPRegen 0.14/turn

%: no passive effects
@: lethally poisoned (-1 -> -9), studying Throwing
A: fangs 1, strong nose, distributed training, agile 1
a: Renounce Religion


You were on level 6 of the Dungeon.
You worshipped Ashenzari.
Ashenzari was noncommittal.
You visited 2 branches of the dungeon, and saw 7 of its levels.

You collected 297 gold pieces.

Inventory:

Hand Weapons
 a - the +11 trident of Bevosm (weapon) {pain, rPois rC++ Str+3 SInv}
   (You found it on level 5 of the Dungeon)

   Str:       It affects your strength (+3).
   rC:        It greatly protects you from cold.
   rPois:     It protects you from poison.
   SInv:      It lets you see invisible.
 b - a +1 spear of venom
 j - a +0 sling
 w - a +2 dagger
 E - a +2 short sword of holy wrath
 G - a +0 antimagic trident
Missiles
 d - 14 poisoned darts (quivered)
 e - 3 curare-tipped darts
 h - a throwing net
 s - 9 boomerangs
Armour
 c - a +1 cloak (worn)
 l - a +0 robe
 q - the +6 leather armour of Follow the Leader (worn) {rPois Will+ Int+6 Dex-4}
   (You found it on level 2 of the Dungeon)

   Int:       It affects your intelligence (+6).
   Dex:       It affects your dexterity (-4).
   rPois:     It protects you from poison.
   Will:      It increases your willpower.
 v - a +0 pair of boots (worn)
Jewellery
 i - a +4 ring of protection (left hand)
 o - an amulet of guardian spirit
 y - a ring of poison resistance (right hand)
 D - a ring of magical power
 H - a +6 ring of dexterity
Wands
 n - a wand of flame (29)
Scrolls
 f - a scroll of enchant armour
 g - 2 scrolls of teleportation
 k - a scroll of fog
 r - 2 scrolls of fear
 x - a scroll of poison
 C - a scroll of noise {unknown}
 J - a scroll of enchant weapon {unknown}
Potions
 m - 2 potions of attraction
 p - a potion of lignification
 t - 3 potions of flight
 u - a potion of might {unknown}
 z - a potion of heal wounds
 A - a potion of mutation
 B - a potion of berserk rage {unknown}
 F - a potion of haste {unknown}
 I - a potion of magic {unknown}


   Skills:
 + Level 6.3 Fighting
 + Level 6.3 Short Blades
 + Level 4.3 Long Blades
 + Level 4.3 Axes
 + Level 4.3 Maces & Flails
 + Level 4.3 Polearms
 + Level 4.3 Staves
 + Level 4.3 Ranged Weapons
 + Level 7.4 Throwing
 + Level 4.3 Armour
 + Level 5.1 Dodging
 + Level 9.0 Stealth
 + Level 4.3 Shields
 + Level 4.3 Unarmed Combat
 + Level 4.3 Spellcasting
 + Level 3.5 Conjurations
 + Level 3.5 Hexes
 + Level 3.5 Summonings
 + Level 3.5 Necromancy
 + Level 3.5 Translocations
 + Level 3.5 Transmutations
 + Level 3.5 Fire Magic
 + Level 3.5 Ice Magic
 + Level 3.5 Air Magic
 + Level 3.5 Earth Magic
 + Level 3.5 Poison Magic
 + Level 4.7 Invocations
 + Level 4.3 Evocations


You had 14 spell levels left.
You knew the following spells:

 Your Spells              Type           Power      Damage    Failure   Level
e - Ensorcelled Hibernat  Hex/Ice        26%        N/A       8%          2

Your spell library contained the following spells:

 Spells                   Type           Power      Damage    Failure   Level
 Lesser Beckoning         Tloc           26%        N/A       8%          2
 Passwall                 Tmut/Erth      10%        N/A       8%          2
 Sublimation of Blood     Necr           13%        N/A       8%          2
 Gell's Gravitas          Tloc           13%        N/A       14%         3
 Swiftness                Air            13%        N/A       14%         3
 Teleport Other           Tloc           13%        N/A       14%         3


Dungeon Overview and Level Annotations

Branches:
Dungeon (6/15)             Temple (1/1) D:6

Altars:
Ashenzari
Dithmenos
Elyvilon
Gozag
Hepliaklqana
Kikubaaqudgha
Makhleb
Nemelex Xobeh
Okawaru
Ru
Sif Muna
Trog
Uskayaw
Vehumet
Xom
Yredelemnul
Zin
The Shining One

Shops:
D:6 =


Innate Abilities, Weirdness & Mutations

You have very sharp teeth.
Your uncanny sense of smell can sniff out nearby items.
Your experience applies equally to all skills.
You are agile. (Dex +4, Str/Int -1)


Message History

The centaur hits you but does no damage.
The centaur kicks you but does no damage.
The orc hits you but does no damage.
The centaur hits you but does no damage.
The centaur misses you. The orc closely misses you.
Your Stealth skill increases to level 9!
You puncture the orc!
You kill the orc!
You kill the centaur!
The orc closely misses you. The orc hits you but does no damage.
You hit the orc priest but do no damage.
The orc priest writhes in agony.
The orc priest is moderately wounded.
The orc priest hits you but does no damage.
The orc hits you with a +0 hand axe.
A sleepcap comes into view.
The orc misses you.
You hit the orc priest but do no damage.
The orc priest writhes in agony.
The orc priest is moderately wounded.
The orc hits you with a +0 hand axe.
The orc priest hits you with a +2 dagger of venom.
The orc hits you but does no damage.
You hit the orc priest but do no damage.
You bite the orc priest, but do no damage.
The orc priest is moderately wounded.
The orc barely misses you.
The orc priest invokes the aid of Beogh against you.
Beogh smites you!
* * * LOW HITPOINT WARNING * * *
The orc priest hits you with a +0 war axe!
* * * LOW HITPOINT WARNING * * *
The orc hits you but does no damage.
You closely miss the orc priest. The orc hits you but does no damage.
The orc priest hits you with a +2 dagger of venom.
* * * LOW HITPOINT WARNING * * *
You are poisoned.
The orc hits you but does no damage. The orc priest closely misses you.
The orc priest invokes the aid of Beogh against you.
Beogh smites you!
You die...

.......§§.§.....
..#...#§§.§.#...#
..?.≈....#....≈.$
..#...#....f#...#.
#.......≈.≈.......
...≈.§.......≈.≈......
......o#o..#.....#...#
....#.o@.≈....#....≈..
......o#...#.....#..
.....≈.......≈.≈... .#
.......###.......# .#
...#######......## #.#
## #.........#.## ..#
#...........# ##.# #
#....(..##..####..#..
#.......##..........#


You could see a sleepcap, 2 orc priests and 2 orcs.

Vanquished Creatures
  Grinder (D:5)
  Eustachio (D:6)
  A water moccasin (D:6)
  2 orc warriors
  2 ice beasts
  A black bear (D:4)
  3 centaurs
  2 phantoms
  A kobold brigand (D:6)
  4 scorpions
  A howler monkey (D:5)
  2 jellies (D:5)
  2 orc priests
  Jessica (D:2)
  2 iguanas
  3 orc wizards
  3 gnolls
  2 river rats (D:5)
  8 adders
  A shadow imp (D:5)
  2 white imps
  2 ufetubi (D:4)
  2 worms
  4 dart slugs
  15 orcs
  14 ball pythons
  3 endoplasms
  6 giant cockroaches
  5 goblins
  5 hobgoblins
  11 kobolds
  6 quokkas
  3 bats
  4 frilled lizards
  5 rats
130 creatures vanquished.

Notes
Turn   | Place    | Note
-------+----------+-------------------------------------------
     0 | D:1      | porpoise the Gnoll Brigand began the quest for the Orb.
     0 | D:1      | Reached XP level 1. HP: 20/20 MP: 1/1
   134 | D:1      | Reached XP level 2. HP: 26/26 MP: 2/2
   167 | D:1      | Found a faded altar of an unknown god.
   447 | D:1      | Reached XP level 3. HP: 31/31 MP: 3/3
   907 | D:2      | Reached skill level 1 in Invocations
   940 | D:2      | Noticed Jessica
   960 | D:2      | Killed Jessica
   961 | D:2      | Reached skill level 1 in Long Blades
   961 | D:2      | Reached skill level 1 in Axes
   961 | D:2      | Reached skill level 1 in Maces & Flails
   961 | D:2      | Reached skill level 1 in Polearms
   961 | D:2      | Reached skill level 1 in Staves
   961 | D:2      | Reached skill level 1 in Ranged Weapons
   961 | D:2      | Reached skill level 1 in Armour
   961 | D:2      | Reached skill level 1 in Shields
   961 | D:2      | Reached skill level 1 in Unarmed Combat
   961 | D:2      | Reached skill level 1 in Spellcasting
   961 | D:2      | Reached skill level 1 in Evocations
   961 | D:2      | Reached XP level 4. HP: 32/38 MP: 5/5
   976 | D:2      | Identified the +6 leather armour of Follow the Leader
                  | {rPois Will+ Int+6 Dex-4}
   991 | D:2      | Learned a level 2 spell: Ensorcelled Hibernation
  1105 | D:2      | Reached skill level 1 in Conjurations
  1105 | D:2      | Reached skill level 1 in Hexes
  1105 | D:2      | Reached skill level 1 in Summonings
  1105 | D:2      | Reached skill level 1 in Necromancy
  1105 | D:2      | Reached skill level 1 in Translocations
  1105 | D:2      | Reached skill level 1 in Transmutations
  1105 | D:2      | Reached skill level 1 in Fire Magic
  1105 | D:2      | Reached skill level 1 in Ice Magic
  1105 | D:2      | Reached skill level 1 in Air Magic
  1105 | D:2      | Reached skill level 1 in Earth Magic
  1105 | D:2      | Reached skill level 1 in Poison Magic
  2058 | D:3      | Reached XP level 5. HP: 40/43 MP: 7/7
  2230 | D:3      | Gained mutation: You are agile. (Dex +4, Str/Int -1)
                  | [potion of mutation]
  2397 | D:3      | Reached skill level 8 in Stealth
  2609 | D:4      | Noticed an ice beast
  2634 | D:4      | Reached XP level 6. HP: 21/50 MP: 8/8
  2635 | D:4      | Killed an ice beast
  2636 | D:4      | Reached skill level 5 in Fighting
  2636 | D:4      | Reached skill level 5 in Short Blades
  2636 | D:4      | Reached skill level 5 in Throwing
  2813 | D:4      | Noticed a black bear
  2824 | D:4      | Killed a black bear
  2922 | D:4      | Reached XP level 7. HP: 55/56 MP: 10/10
  3457 | D:5      | Entered Level 5 of the Dungeon
  3519 | D:5      | Identified the +11 trident of Bevosm {pain, rPois rC++
                  | Str+3 SInv}
  3830 | D:5      | Found an ancient bone altar of Kikubaaqudgha.
  3992 | D:5      | Reached XP level 8. HP: 63/63 MP: 12/12
  4028 | D:5      | Found a shimmering blue altar of Sif Muna.
  4038 | D:5      | Got Sif Muna's Grimoire of Unholy Magic
  4137 | D:5      | Noticed Grinder
  4179 | D:5      | Killed Grinder
  4651 | D:5      | Found a bloodstained altar of Trog.
  4747 | D:6      | Found Igopp's One-of-a-Kind Rings.
  4756 | D:6      | Noticed Eustachio
  4759 | D:6      | Killed Eustachio
  4806 | D:6      | Reached XP level 9. HP: 69/69 MP: 13/15
  5042 | D:6      | Found a staircase to the Ecumenical Temple.
  5047 | D:6      | Reached skill level 5 in Dodging
  5062 | Temple   | Entered the Ecumenical Temple
  5083 | Temple   | Became a worshipper of Ashenzari the Shackled
  5221 | D:6      | Reached skill level 9 in Stealth
  5225 | D:6      | Killed from afar by an orc priest

Illustrated notes

Levels and vault maps discovered:
D:1:      lightli_arrival_quake, layout_basic, ebering_ecumenical_altar_ruins
D:2:      layout_basic, minmay_misc_feat_alley, minmay_misc_feat_four_crosses,
          minmay_fountain_box, minmay_misc_feat_room, kennysheep_generic_room_3,
          uniq_jessica
D:3:      layout_rooms, nicolae_concentric_dashed_squares_wild
D:4:      layout_cave_pools, minmay_manual_moon
D:5:      layout_basic, nzn_overflow_gifts_of_might_and_magic,
          kennysheep_little_box, portal_sewer_entry_e, uniq_grinder
D:6:      layout_rooms, minmay_temple_entry_drinking_statues,
          nicolae_shop_unique_rings, kennysheep_another_room,
          nicolae_kite_square_tiling_tiny, minmay_misc_feat_square,
          uniq_eustachio, uniq_crazy_yiuf_cottage
Temple:   hellmonk_temple_two_chambers

Skill      XL: |  1  2  3  4  5  6  7  8  9 |
---------------+----------------------------+-----
Invocations    | 1 2 3 4 |  4.7
Long Blades    | 1 2 3 4 |  4.3
Axes           | 1 2 3 4 |  4.3
Maces & Flails | 1 2 3 4 |  4.3
Polearms       | 1 2 3 4 |  4.3
Staves         | 1 2 3 4 |  4.3
Ranged Weapons | 1 2 3 4 |  4.3
Armour         | 1 2 3 4 |  4.3
Shields        | 1 2 3 4 |  4.3
Unarmed Combat | 1 2 3 4 |  4.3
Spellcasting   | 1 2 3 4 |  4.3
Evocations     | 1 2 3 4 |  4.3
Conjurations   | 1 2 3 |  3.5
Hexes          | 1 2 3 |  3.5
Summonings     | 1 2 3 |  3.5
Necromancy     | 1 2 3 |  3.5
Translocations | 1 2 3 |  3.5
Transmutations | 1 2 3 |  3.5
Fire Magic     | 1 2 3 |  3.5
Ice Magic      | 1 2 3 |  3.5
Air Magic      | 1 2 3 |  3.5
Earth Magic    | 1 2 3 |  3.5
Poison Magic   | 1 2 3 |  3.5
Dodging        | 3 4 5 |  5.1
Stealth        | 8 9 |  9.0
Fighting       | 5 6 |  6.3
Short Blades   | 5 6 |  6.3
Throwing       | 5 7 |  7.4

Action                     |  1- 3 |  4- 6 |  7- 9 || total
---------------------------+-------+-------+-------++-------
  Melee: Dagger            |    67 |   179 |       ||   246
         Bite              |     2 |    25 |    11 ||    38
         Punch             |       |     5 |     4 ||     9
         Spear             |       |    61 |    54 ||   115
         Trident           |       |       |   103 ||   103
         Short sword       |       |       |    29 ||    29
   Fire: Sling             |    12 |     4 |       ||    16
  Throw: Dart              |     1 |       |       ||     1
    Use: Scroll            |     1 |     2 |     7 ||    10
         Potion            |       |     2 |       ||     2
   Stab: Sleeping          |    12 |     6 |     9 ||    27
         Distracted        |       |     1 |       ||     1
 Armour: Robe              |    18 |       |       ||    18
         Leather armour    |       |    89 |   107 ||   196
  Dodge: Dodged            |    31 |   127 |   138 ||   296
